 Dungeon Crawl Stone Soup version 0.30.0-29-ga12c61a403 (webtiles) character file.

Game seed: 11007602791541976578

17042 AgateBread the Blocker (level 12, 0/101 HPs)
             Began as a Purple Draconian Conjurer on June 26, 2023.
             Was a High Priest of Sif Muna.
             Slain by a swamp worm (9 damage)
             ... on level 2 of the Lair of Beasts.
             The game lasted 01:23:17 (15729 turns).

AgateBread the Blocker (Purple Draconian Conjurer) Turns: 15729, Time: 01:23:19

Health: 0/101      AC: 15    Str: 11    XL:     12   Next: 15%
Magic:  23/35      EV: 11    Int: 20    God:    Sif Muna [*****.]
Gold:   657        SH: 13    Dex: 16    Spells: 25/31 levels left

rFire   . . .        L - +11 flail of Ralufev {flame, Will+ rCorr Dex+4}
rCold   . . .        o - +1 kite shield
rNeg    . . .        (body armour unavailable)
rPois   .            G - +0 hat
rElec   .            B - +0 cloak
rCorr   +            w - +0 pair of gloves
SInv    .            W - +0 pair of boots
Will    ++...        Q - amulet of regeneration
Stlth   +            d - +4 ring of protection
HPRegen 1.16/turn    u - ring of magical power
MPRegen 0.24/turn

%: no passive effects
@: lethally poisoned (0 -> -14), about to teleport, very slow
A: breathe power, AC +8, unfitting armour, cold-blooded
a: Breathe Dispelling Energy, Renounce Religion, Channel Magic, Forget Spell,
Divine Exegesis


You were on level 2 of the Lair of Beasts.
You worshipped Sif Muna.
Sif Muna was extremely pleased with you.
You visited 3 branches of the dungeon, and saw 14 of its levels.
You also visited: Ossuary.

You collected 720 gold pieces.
You spent 63 gold pieces at shops.

Inventory:

Hand Weapons
 x - a +3 dagger
 F - a +1 whip of electrocution
 J - a +0 broad axe
 L - the +11 flail of Ralufev (weapon) {flame, Will+ rCorr Dex+4}
   (You found it on level 3 of the Dungeon)

   Dex:       It affects your dexterity (+4).
   rCorr:     It protects you from acid and corrosion.
   Will:      It increases your willpower.
 O - a +2 flail of protection
Missiles
 c - 53 poisoned darts
 U - 3 curare-tipped darts
Armour
 o - a +1 kite shield (worn)
 w - a +0 pair of gloves (worn)
 B - a +0 cloak (worn)
 G - a +0 hat (worn)
 P - the +0 cloak of Pride {rF+ Str+6 Slay-6}
   (You found it on level 7 of the Dungeon)

   Str:       It affects your strength (+6).
   Slay:      It affects your accuracy & damage with ranged weapons and melee
   (-6).
   rF:        It protects you from fire.
 W - a +0 pair of boots (worn)
Magical Staves
 g - the staff of conjuration "Zorgh" {rPois Str+6}
   (You found it on level 10 of the Dungeon)

   [staff of conjuration]

   Base accuracy: +5 Base damage: 5 Base attack delay: 1.2 This weapon's minimum
   attack delay (0.6) is reached at skill level 12.
   Str:       It affects your strength (+6).
   rPois:     It protects you from poison.
   It falls into the 'Staves' category.
   It is a one-handed weapon.
Jewellery
 d - a +4 ring of protection (left hand)
 n - a ring of willpower
 u - a ring of magical power (right hand)
 Q - an amulet of regeneration (around neck)
 S - a +6 ring of dexterity
 Z - a +4 ring of protection
Wands
 t - a wand of digging (8)
 z - a wand of mindburst (7)
 A - a wand of flame (6)
 D - a wand of charming (4)
Scrolls
 e - 3 scrolls of poison
 j - a scroll of fear
 q - a scroll of teleportation
 s - 4 scrolls of amnesia
 v - 4 scrolls of immolation
 y - a scroll of magic mapping
 K - 2 scrolls of fog {unknown}
 M - a scroll of silence
 R - a scroll of enchant armour
 V - 5 scrolls of enchant weapon
Potions
 a - 2 potions of magic
 b - 2 potions of attraction
 f - 2 potions of berserk rage {unknown}
 h - 2 potions of haste
 i - 2 potions of lignification {unknown}
 k - 3 potions of flight {unknown}
 l - 3 potions of mutation {unknown}
 m - 2 potions of curing
 r - 3 potions of ambrosia
 C - a potion of might
 E - a potion of invisibility
 H - 2 potions of degeneration {unknown}
 I - 5 potions of brilliance
 N - 2 potions of cancellation {unknown}
 T - a potion of resistance {unknown}


   Skills:
 - Level 8.0 Fighting
 + Level 8.4 Maces & Flails
 - Level 2.4 Dodging
 - Level 1.7 Stealth
 - Level 10.0 Shields
 - Level 10.0 Spellcasting
 + Level 7.1 Conjurations
 - Level 6.0 Translocations
 + Level 5.9 Invocations


You had 25 spell levels left.
You knew the following spells:

 Your Spells              Type           Power      Damage    Failure   Level
b - Searing Ray           Conj           76%        2d7       1%          2
c - Iskenderun's Mystic   Conj/Tloc      36%        2d9       13%         4

Your spell library contained the following spells:

 Spells                   Type           Power      Damage    Failure   Level
 Apportation              Tloc           68%        N/A       1%          1
 Magic Dart               Conj           100%       1d8       1%          1
 Dazzling Flash           Conj/Hex       48%        N/A       13%         3
 Beastly Appendage        Tmut           20%        N/A       19%         1
 Cigotuvi's Dreadful Rot  Necr/Pois/Air  20%        N/A       28%         2
 Ensorcelled Hibernation  Hex/Ice        20%        N/A       28%         2
 Passwall                 Tmut/Erth      8%         N/A       28%         2
 Wereblood                Tmut           10%        N/A       28%         2
 Fulminant Prism          Conj/Hex       12%        3d9       41%         4
 Spider Form              Tmut/Pois      10%        N/A       50%         3
 Swiftness                Air            10%        N/A       50%         3
 Dispel Undead            Necr           10%        3d9       88%         4
 Alistair's Intoxication  Tmut/Pois      6%         N/A       99%         5
 Death Channel            Necr           5%         N/A       100%        6


Dungeon Overview and Level Annotations

Branches:
Dungeon (11/15)            Temple (1/1) D:6            Lair (2/5) D:10
  Swamp (0/4) Lair:2      Ossuary (visited)
  Snake: Lair:2-3    Spider: Lair:2-3       Orc: D:9-12

Altars:
Ashenzari
Cheibriados
Dithmenos
Elyvilon
Fedhas
Gozag
Hepliaklqana
Kikubaaqudgha
Makhleb
Nemelex Xobeh
Okawaru
Qazlal
Ru
Sif Muna
Trog
Uskayaw
Vehumet
Wu Jian
Xom
Yredelemnul
Zin
The Shining One

Shops:
D:3 *

Annotations:
Lair:1 3 runed translucent doors, Bumnuts's ghost, journeyman MiFi; Imnulubo's ghost, novice TeFE; Xijim's ghost, journeyman OgGl


Innate Abilities, Weirdness & Mutations

You can breathe bolts of dispelling energy.
Your rich purple scales are hard. (AC +8)
You cannot fit into any form of body armour.
You are cold-blooded and may be slowed by cold attacks.


Message History

The harpoon shot hits you!
You are yanked forward by the harpoon shot.
Splash!
You fall into the shallow water.
Moving in this stuff is going to be slow.
As you read the scroll of fear, it crumbles to dust.
You assume a fearsome visage.
The cane toad looks frightened!
The swamp worm looks frightened!
The seven-headed hydra looks frightened!
The swamp worm looks frightened!
The four-headed hydra looks frightened!
Cornered, the cane toad turns to fight!
The swamp worm fires a harpoon shot at you.
The harpoon shot hits you!
You are yanked forward by the harpoon shot.
You violently stop moving!
Splash!
Okay, then.
As you read the scroll of teleportation, it crumbles to dust.
You feel strangely unstable. The cane toad stings you!
The swamp worm fires a harpoon shot at you.
The harpoon shot hits you!
* * * LOW HITPOINT WARNING * * *
You are yanked forward by the harpoon shot.
Splash!
You hear a roar!
You hit the swamp worm. You burn the swamp worm.
Your attack snaps the swamp worm out of its fear.
The swamp worm is moderately wounded.
The cane toad stings you.
* * * LOW HITPOINT WARNING * * *
You are poisoned.
The cane toad poisons you! The swamp worm bites you.
* * * LOW HITPOINT WARNING * * *
You feel better.
The four-headed hydra seems to regain its courage.
The cane toad stings you!!
* * * LOW HITPOINT WARNING * * *
You are lethally poisoned!
The cane toad poisons you! The swamp worm bites you!
You die...

...........♣♣≈~~≈...♣
.....<......♣♣♣♣§..♣♣
...#P.#.###♣♣§§§§.♣♣♣♣♣
...###### ♣§§♣♣♣♣~~>♣
...# ♣♣§§♣ ♣~≈~♣ ...#
♣.D♣♣♣.§.♣♣ ...#
♣..~§≈≈.§.♣
...########♣~§~§~≈≈§§♣
...P##..PP#♣♣§§F@w§.♣♣
.......P....♣§§.♣♣...♣
............♣♣§.§§§..♣
.............♣♣♣§..♣♣♣
...............♣♣♣♣♣
.##..#.P#####♣♣#
#####.### ###


You could see a four-headed hydra, a cane toad and a swamp worm.

Vanquished Creatures
  Snorg (D:10)
  An ogre mage (D:10)
  A boulder beetle (D:10)
  A wizard (D:10)
  Pikel (D:4)
  A cyclops (D:9)
  A manticore (D:10)
  An ugly thing (D:10)
  2 black mambas (Lair:1)
  3 cane toads
  2 komodo dragons
  A kobold demonologist (D:8)
  Prince Ribbit (D:8)
  Sigmund (D:4)
  3 wyverns
  A shadow (D:10)
  2 vampires (D:10)
  A wraith (D:9)
  Eustachio (D:6)
  17 yaks
  3 steam dragons
  3 basilisks
  Edmund (D:6)
  5 water moccasins
  4 nagas
  An acid dragon (D:8)
  A hornet zombie (D:8)
  2 sky beasts
  An ice beast (D:8)
  3 orc warriors
  2 ogres
  2 black bears
  3 centaurs
  5 wolves (Lair:1)
  10 kobold brigands
  4 scorpions
  2 elf skeletons (D:7)
  3 bullfrogs
  A wyvern zombie (D:8)
  8 wights
  15 killer bees
  A howler monkey (D:10)
  3 centaur zombies (D:8)
  A crimson imp (D:5)
  A human zombie (D:8)
  7 orc priests
  2 hounds
  2 iguanas (D:6)
  2 sleepcaps (D:4)
  6 orc wizards
  A killer bee zombie (D:8)
  14 mummies
  2 howler monkey zombies (D:8)
  7 adders
  2 shadow imps (D:7)
  A white imp (D:6)
  3 worms
  5 dart slugs
  37 orcs
  6 ball pythons
  7 bats
  5 endoplasms
  2 giant cockroaches
  3 hobgoblins
  4 jackals (D:5)
  4 quokkas
  4 frilled lizards
  2 gnoll skeletons (Ossuary)
  4 goblins
  3 goblin skeletons (Ossuary)
  17 kobolds
  2 kobold skeletons (Ossuary)
  4 orc skeletons
  An orc zombie (D:7)
  4 rats
  11 rat skeletons (Ossuary)
302 creatures vanquished.

Notes
Turn   | Place    | Note
-------+----------+-------------------------------------------
     0 | D:1      | AgateBread the Draconian Conjurer began the quest for the
                  | Orb.
     0 | D:1      | Reached XP level 1. HP: 14/14 MP: 3/3
   419 | D:1      | Reached skill level 1 in Fighting
   419 | D:1      | Reached XP level 2. HP: 23/23 MP: 0/5
   429 | D:1      | Learned a level 2 spell: Searing Ray
   975 | D:2      | Reached XP level 3. HP: 28/28 MP: 1/6
  2663 | D:3      | Found Efeso's General Store.
  2674 | D:3      | Bought a +0 pair of gloves for 63 gold pieces
  2698 | D:3      | Found a faded altar of an unknown god.
  2777 | D:3      | You fall into a shaft and drop 3 floors!
  2795 | D:6      | Noticed a scorpion
  2801 | D:6      | Killed a scorpion
  2802 | D:6      | Reached skill level 1 in Shields
  2802 | D:6      | Reached XP level 4. HP: 37/37 MP: 7/7
  2849 | D:6      | Found a staircase to the Ecumenical Temple.
  2901 | D:6      | Noticed an orc warrior
  2905 | D:6      | Reached XP level 5. HP: 34/44 MP: 8/8
  2913 | D:6      | Reached skill level 5 in Conjurations
  2920 | D:6      | Killed an orc warrior
  3026 | Temple   | Entered the Ecumenical Temple
  3350 | Temple   | Became a worshipper of Sif Muna the Loreminder
  3413 | D:5      | Entered Level 5 of the Dungeon
  3535 | D:5      | Learned a level 4 spell: Iskenderun's Mystic Blast
  3546 | D:5      | Found a glowing golden altar of the Shining One.
  3586 | D:5      | Found a stormy altar of Qazlal.
  3670 | D:5      | Noticed a black bear
  3678 | D:5      | Reached XP level 6. HP: 46/51 MP: 9/9
  3997 | D:5      | Your scales start taking on a rich purple colour.
  3997 | D:5      | Reached XP level 7. HP: 58/60 MP: 10/10
  4223 | D:5      | Found a burning altar of Makhleb.
  4227 | D:5      | Reached * piety under Sif Muna
  4476 | D:5      | Noticed a shadow
  4477 | D:5      | Found a shadowy altar of Dithmenos.
  4478 | D:5      | Found a hazy altar of Hepliaklqana.
  4688 | D:4      | Noticed Pikel
  4704 | D:4      | Killed Pikel
  4705 | D:4      | Reached skill level 5 in Fighting
  4705 | D:4      | Reached skill level 5 in Shields
  4705 | D:4      | Reached XP level 8. HP: 47/70 MP: 11/11
  5144 | D:4      | Noticed Sigmund
  5158 | D:4      | Killed Sigmund
  5544 | D:4      | Found a sacrificial altar of Ru.
  5756 | D:3      | Identified the +11 flail of Ralufev {flame, Will+ rCorr
                  | Dex+4}
  6041 | D:6      | Found a broken altar of Ashenzari.
  6401 | D:6      | Reached XP level 9. HP: 55/79 MP: 12/12
  6949 | D:6      | Noticed Edmund
  6958 | D:6      | Killed Edmund
  6959 | D:6      | Reached skill level 5 in Translocations
  7047 | D:6      | Reached ** piety under Sif Muna
  7225 | D:6      | Noticed Eustachio
  7245 | D:6      | Killed Eustachio
  7457 | D:6      | Found a sparkling altar of Nemelex Xobeh.
  7582 | D:6      | Found a bloodstained altar of Trog.
  7647 | D:6      | Found a snail-covered altar of Cheibriados.
  7786 | D:7      | Identified the +0 cloak of Pride {rF+ Str+6 Slay-6}
  7868 | D:7      | Found a shimmering altar of Xom.
  7932 | D:7      | Found an opulent altar of Gozag.
  8114 | D:7      | Found a sand-covered staircase.
  8119 | Ossuary  | Entered an ossuary
  8273 | Ossuary  | Reached *** piety under Sif Muna
  9012 | D:8      | Noticed Prince Ribbit
  9020 | D:8      | Killed Prince Ribbit
  9021 | D:8      | Reached skill level 5 in Spellcasting
  9165 | D:8      | Reached skill level 1 in Maces & Flails
  9168 | D:8      | Reached XP level 10. HP: 70/88 MP: 19/19
  9277 | D:8      | Found a basalt altar of Yredelemnul.
  9548 | D:8      | Reached **** piety under Sif Muna
 10022 | D:8      | Noticed an orange demon
 10436 | D:9      | Found a glowing silver altar of Zin.
 11203 | D:9      | Noticed a cyclops
 11224 | D:9      | Killed a cyclops
 11808 | D:9      | Reached skill level 5 in Maces & Flails
 11993 | D:8      | Reached XP level 11. HP: 94/94 MP: 23/23
 12237 | D:10     | Entered Level 10 of the Dungeon
 12285 | D:10     | Found a staircase to the Lair.
 12324 | D:10     | Noticed an ogre mage
 12337 | D:10     | Killed an ogre mage
 12346 | D:10     | Reached skill level 10 in Shields
 12393 | D:10     | Noticed a death knight
 12394 | D:10     | Noticed a wizard
 12398 | D:10     | Noticed a boulder beetle
 12398 | D:10     | Noticed a five-headed hydra
 12414 | D:10     | Noticed a two-headed ogre
 12641 | D:10     | Identified the staff of conjuration "Zorgh" {rPois Str+6}
 12701 | D:10     | Noticed a red ugly thing
 12711 | D:10     | Killed a red ugly thing
 12712 | D:10     | Reached skill level 1 in Invocations
 12760 | D:10     | Noticed Snorg
 12773 | D:10     | Killed Snorg
 13042 | D:10     | Found a blossoming altar of Fedhas.
 13044 | D:10     | Found a radiant altar of Vehumet.
 13048 | D:10     | Killed a wizard
 13189 | D:10     | HP: 4/94 [something (9)]
 13319 | D:10     | Killed a boulder beetle
 13621 | D:10     | Reached skill level 10 in Spellcasting
 13626 | D:10     | Reached ***** piety under Sif Muna
 13733 | D:10     | Noticed a skeletal warrior
 13738 | Lair:1   | Entered Level 1 of the Lair of Beasts
 13985 | Lair:1   | Found a runed translucent gate.
 13987 | Lair:1   | Found a runed translucent gate.
 13989 | Lair:1   | Found a runed translucent gate.
 13990 | Lair:1   | Noticed Xijim's ghost (journeyman OgGl)
 13990 | Lair:1   | Noticed Imnulubo's ghost (novice TeFE)
 13991 | Lair:1   | Noticed Bumnuts's ghost (journeyman MiFi)
 14049 | Lair:1   | Reached skill level 5 in Invocations
 14506 | Lair:1   | Reached XP level 12. HP: 101/101 MP: 26/26
 15701 | Lair:2   | Noticed a seven-headed hydra
 15708 | Lair:2   | Noticed a four-headed hydra
 15722 | Lair:2   | Found a staircase to the Swamp.
 15729 | Lair:2   | Slain by a swamp worm

Illustrated notes

Levels and vault maps discovered:
D:1:      dpeg_arrival_radiant, layout_basic
D:2:      layout_loops_ring
D:3:      layout_loops_corners, hellmonk_ecumenical_altar_prayer_group,
          serial_shops, shop, serial_forest, infiniplex_forest_join,
          infiniplex_forest_clump_curved, infiniplex_forest_clump_medium,
          infiniplex_forest_clump_medium, infiniplex_forest_clump_curved
D:4:      layout_loops_ring, general_overflow_altar, minmay_strange_pillars,
          hellmonk_no_cap, uniq_pikel, uniq_sigmund
D:5:      layout_basic, riverfiend_overflow_shadow_ancestor,
          makhleb_grotto_becter, overflow_temple_1_default,
          lemuel_crystal_altar, saegor_snake_ambush
D:6:      layout_gridville, nicolae_overflow_quartered_altars,
          minmay_temple_entry_statues, uniq_edmund, uniq_eustachio
D:7:      layout_cave_pools, xom_butterflies, grunt_gozag_statues,
          nicolae_ossuary_entry_catacombs
D:8:      layout_basic, lemuel_mausoleum_altar_yredelemnul, special_room
          [special_room_kobold], hex_tiny, chequers_serial_rivers_small_b,
          uniq_prince_ribbit1
D:9:      layout_irregular_city, lemuel_round_altar, serial_co_window_serial,
          co_window_corner_a, co_window_paths_a, co_window_corner_a,
          co_window_corner_a, co_window_paths_a, co_window_of_opportunity_a,
          co_window_corner_a, co_window_broadway_b, co_window_corner_b,
          co_window_cross_4, co_window_paths_d, co_window_paths_e,
          glass_columns_a, minmay_sticks_and_stones
D:10:     hangedman_cross_veins, layout_basic,
          chequers_temple_overflow_statue_of_worship, lair_entry_dummy,
          uniq_snorg
D:11:     layout_loops_ring, serial_glass, glass_columns_a, glass_columns_a,
          gammafunk_ghost_stat_death, corexii_hall_statues_x,
          okawaru_metal_pillars_1_2, uniq_lodul
Temple:   hellmonk_temple_flake
Lair:1:   layout_hall_layers, gammafunk_ghost_cemetery, grunt_megastairs_4
Lair:2:   layout_long_grid, palyth_hydra_swamp_entry,
          minmay_snake_entry_guardpost_small, serial_bayou_shore_b,
          serial_bayou_shore_b, lemuel_fruit_tree

Skill      XL: |  1  2  3  4  5  6  7  8  9 10 11 12 |
---------------+-------------------------------------+-----
Dodging        | 2 |  2.4
Fighting       | 1 2 3 4 5 7 8 |  8.0
Shields        | 1 2 3 5 6 7 9 10 | 10.0
Conjurations   | 5 6 7 |  7.1
Translocations | 2 4 6 |  6.0
Spellcasting   | 6 8 10 | 10.0
Maces & Flails | 1 5 8 |  8.4
Invocations    | 5 |  5.9
Stealth        | |  1.7

Action                     |  1- 3 |  4- 6 |  7- 9 | 10-12 || total
---------------------------+-------+-------+-------+-------++-------
  Melee: Club              |     6 |       |       |       ||     6
         Short sword       |    88 |       |       |       ||    88
         Tailslap          |    10 |     7 |    35 |    72 ||   124
         Unarmed           |     1 |       |       |       ||     1
         Dagger            |     3 |    38 |    14 |       ||    55
         Punch             |     1 |       |       |       ||     1
         Whip              |       |       |    62 |       ||    62
         Flail             |       |       |   179 |   387 ||   566
  Throw: Dart              |     2 |     4 |     3 |     7 ||    16
         Throwing net      |       |       |     2 |     2 ||     4
   Cast: Magic Dart        |    35 |    15 |     5 |       ||    55
         Searing Ray       |     7 |    11 |    19 |     8 ||    45
         Iskenderun's Myst |       |       |       |     8 ||     8
Ability: Breathe Dispellin |       |       |     3 |     1 ||     4
  Evoke: Wand              |       |       |    12 |    18 ||    30
    Use: Scroll            |     2 |     3 |     8 |    11 ||    24
         Potion            |       |     1 |     2 |     9 ||    12
   Stab: Sleeping          |       |       |     7 |     6 ||    13
 Armour: Skin              |    48 |    33 |   121 |   178 ||   380
  Dodge: Dodged            |    78 |    41 |   131 |   209 ||   459
  Block: Kite shield       |       |       |   169 |   370 ||   539
